 Dungeon Crawl Stone Soup version 0.27.1-1-g398f81649c (webtiles) character file.

Game seed: 13136686902026370612

225 nxtlvl the Chopper (level 5, 11/45 HPs)
             Began as a Draconian Berserker on Sept 8, 2021.
             Was a Believer of Trog.
             Quit the game in a sewer.
             The game lasted 00:05:42 (508 turns).

nxtlvl the Chopper (Draconian Berserker)             Turns: 508, Time: 00:05:43

Health: 11/45      AC:  5    Str: 19    XL:     5   Next: 68%
Magic:  5/5        EV: 12    Int:  7    God:    Trog [**....]
Gold:   17         SH:  0    Dex: 12    Spells: 4/4 levels left

rFire    . . .     SeeInvis .   a - +0 hand axe
rCold    . . .     Faith    .   (no shield)
rNeg     . . .     Spirit   .   (armour unavailable)
rPois    .         Reflect  .   (helmet restricted)
rElec    .         Harm     .   (no cloak)
rCorr    .         Rampage  .   (no gloves)
Will     .....                  (no boots)
Stlth    +.........             (no amulet)
HPRegen  0.15/turn              (no ring)
MPRegen  0.09/turn              (no ring)

@: lethally poisoned (11 -> -1), slowed, very slow
A: AC +5, unfitting armour, cold-blooded
a: Renounce Religion, Berserk, Trog's Hand


You were in a sewer.
You worshipped Trog.
Trog was pleased with you.
You visited 1 branch of the dungeon, and saw 3 of its levels.
You also visited: Sewer.

You collected 17 gold pieces.

Inventory:

Hand Weapons
 a - a +0 hand axe (weapon)
Missiles
 c - 24 bolts
 d - 12 poisoned darts (quivered)
 f - 28 arrows
Scrolls
 b - a scroll of identify {unknown}
 g - a scroll of teleportation {unknown}
 h - a scroll of enchant armour {unknown}
 i - a scroll of noise {unknown}


   Skills:
 - Level 3.2 Fighting
 * Level 6.5 Axes
 - Level 2.6 Dodging


You had 4 spell levels left.
You didn't know any spells.
Your spell library contained the following spells:

 Spells                   Type           Power      Damage    Failure   Level
 Sting                    Tmut/Pois      0%         1d3       43%         1
 Passwall                 Tmut/Erth      0%         N/A       56%         2
 Spider Form              Tmut/Pois      0%         N/A       80%         3
 Shadow Creatures         Summ           N/A        N/A       100%        6
 Necromutation            Tmut/Necr      0%         N/A       100%        8


Dungeon Overview and Level Annotations

Branches:
Dungeon (3/15)              Sewer (1/1)

Altars:
Qazlal


Innate Abilities, Weirdness & Mutations

Your plain brown scales are hard. (AC +5)
You cannot fit into any form of body armour.
You are cold-blooded and may be slowed by cold attacks.


Message History

The poisoned dart hits the kobold brigand.
The kobold brigand is poisoned.
You hear a splash.
The kobold throws a stone.
The stone misses you.
Throw: 16 darts (poison)
Press: ? - help, Q - select action, (/) - cycle Shift-Dir - straight line, f/p - kobold brigand
Aim: a kobold brigand, wielding a +0 short sword and quivering curare-tipped darts (poisoned, 50% to hit)
You throw a poisoned dart.
The poisoned dart hits the kobold brigand.
The kobold brigand looks even sicker.
You hear a splash.
The kobold throws a stone.
The stone barely misses you.
Throw: 15 darts (poison)
Press: ? - help, Q - select action, (/) - cycle Shift-Dir - straight line, f/p - kobold brigand
Aim: a kobold brigand, wielding a +0 short sword and quivering curare-tipped darts (very poisoned, 50% to hit)
You throw a poisoned dart.
The poisoned dart hits the kobold brigand.
You hear a splash.
Throw: 14 darts (poison)
Press: ? - help, Q - select action, (/) - cycle Shift-Dir - straight line, f/p - kobold brigand
Aim: a kobold brigand, wielding a +0 short sword and quivering curare-tipped darts (lightly wounded, very poisoned, 50% to hit)
You throw a poisoned dart.
The poisoned dart hits the kobold brigand.
The kobold brigand looks even sicker.
The kobold brigand is lightly wounded.
You hear a splash.
Throw: 13 darts (poison)
Press: ? - help, Q - select action, (/) - cycle Shift-Dir - straight line, f/p - kobold brigand
Aim: a kobold brigand, wielding a +0 short sword and quivering curare-tipped darts (lightly wounded, very poisoned, 50% to hit)
You throw a poisoned dart.
The poisoned dart hits the kobold brigand.
The kobold brigand is lightly wounded.
You hear a splash.
The kobold brigand throws a curare-tipped dart.
The curare-tipped dart hits you.
You are poisoned.
You have difficulty breathing.
* * * LOW HITPOINT WARNING * * *
You feel yourself slow down.
The kobold throws a stone.
The stone misses you.
Are you sure you want to abandon this character and quit the game? (Confirm with "yes".)

#####.....≈.≈..≈≈≈≈..#
≈≈≈≈≈≈≈≈≈≈≈KKK≈≈≈≈≈≈.#.
≈≈≈≈≈≈≈≈≈≈≈≈≈≈≈≈≈≈≈≈..K
≈≈≈≈≈≈≈≈≈≈≈≈≈≈≈≈≈≈≈≈.#
#...).≈.≈≈.≈≈≈≈≈.#
#######.≈≈≈..≈≈≈.#
##≈######### #≈# #@#
#≈# #≈# #≈# #≈# #≈# #≈#
#≈# #≈#


You could see a kobold brigand (very poisoned) and 2 kobolds.

Vanquished Creatures
  Sigmund (D:3)
  An adder (D:3)
  3 river rats
  A worm (D:3)
  A dart slug (D:3)
  An orc (D:3)
  4 giant cockroaches (D:3)
  3 goblins (D:3)
  3 hobgoblins (D:3)
  A jackal (Sewer)
  3 kobolds
  A quokka (D:3)
  A ball python (D:3)
  A bat (D:3)
  A frilled lizard (D:3)
  4 rats
30 creatures vanquished.

Notes
Turn   | Place    | Note
-------+----------+-------------------------------------------
     0 | D:1      | nxtlvl the Draconian Berserker began the quest for the Orb.
     0 | D:1      | Reached XP level 1. HP: 19/19 MP: 1/1
    98 | D:3      | Got Gunnugyl's Volume of Unstable Summoning
   105 | D:3      | Noticed Sigmund
   120 | D:3      | Killed Sigmund
   121 | D:3      | Reached skill level 5 in Axes
   121 | D:3      | Reached XP level 2. HP: 21/26 MP: 2/2
   121 | D:3      | Reached XP level 3. HP: 24/31 MP: 3/3
   121 | D:3      | Reached XP level 4. HP: 30/38 MP: 4/4
   121 | D:3      | Reached XP level 5. HP: 36/45 MP: 5/5
   206 | D:3      | Reached skill level 6 in Axes
   286 | D:3      | Found a stormy altar of Qazlal.
   382 | D:3      | Found a glowing drain.
   386 | Sewer    | Entered a sewer
   391 | Sewer    | Reached ** piety under Trog
   508 | Sewer    | Quit the game

Illustrated notes

Levels and vault maps discovered:
D:1:      minmay_arrival_jagged, layout_basic, serial_shops, shop,
          minmay_box_of_dots
D:2:      layout_basic, ebering_ecumenical_altar_hall, eino_tiny_chamber,
          hex_medium
D:3:      layout_rooms, grunt_qazlal_sundering, gup_sewer_entry_spiral,
          uniq_sigmund
Sewer:    sewer_kobolds

Skill      XL: |  1  2  3  4  5 |
---------------+----------------+-----
Axes           | 5 6 |  6.5
Fighting       | |  3.2
Dodging        | |  2.6

Action                   |  1- 3 |  4- 6 || total
-------------------------+-------+-------++-------
Melee: Hand axe          |    20 |    61 ||    81
       Tailslap          |     1 |     6 ||     7
Throw: Dart              |       |     7 ||     7
Invok: Berserk           |     1 |     3 ||     4
  Use: Potion            |       |     1 ||     1
Armor: Skin              |     2 |    21 ||    23
Dodge: Dodged            |    10 |    43 ||    53
